TOP OF THE 1ST |
West Indies batting - Pitching for Asia : RHP Judean Dang
|
Pitching: RHP Judean Dang
|
|
Batting: RHB Efren Zamora
|
0-0: Ground out 6-3 (Groundball, 6D, EV 107.5 MPH)
|
Batting: RHB Zeke Lebron
|
0-0: Called Strike 0-1: Ball 1-1: Ball 2-1: Foul Ball, location: 2F 2-2: Ball 3-2: Foul Ball, location: 2F 3-2: Ground out 4-3 (Groundball, 34, EV 103.1 MPH)
|
Batting: LHB Dorsey Cahue
|
0-0: Ball 1-0: Ball 2-0: Ground out 4-3 (Groundball, 4, EV 85.0 MPH)
|
Top of the 1st over - 0 runs, 0 hits, 0 errors, 0 left on base; West Indies 0 - Asia 0 |
BOTTOM OF THE 1ST |
Asia batting - Pitching for West Indies : RHP Eli Houchin
|
Pitching: RHP Eli Houchin
|
|
Batting: RHB Aubrey Albano
|
0-0: Foul Ball, location: 2F 0-1: Ball 1-1: Ball 2-1: Ball 3-1: Foul Ball, location: 2F 3-2: Foul Ball, location: 2F 3-2: Ground out 5-3 (Groundball, 56S, EV 87.5 MPH)
|
Batting: LHB Jordy Wovchanoff
|
0-0: Ball 1-0: Swinging Strike 1-1: DOUBLE (Line Drive, 89D, EV 110.6 MPH)
|
Batting: LHB Johnathan Wang
|
0-0: Swinging Strike 0-1: Foul Ball, location: 2F 0-2: Strikes out swinging
|
Batting: RHB Latif Won
|
0-0: Swinging Strike 0-1: Ball 1-1: Foul Ball, location: 2F 1-2: Ball 2-2: Foul Ball, location: 2F 2-2: Ball 3-2: Fly out, F8 (Flyball, 8RXD, EV 91.2 MPH)
|
Bottom of the 1st over - 0 runs, 1 hit, 0 errors, 1 left on base; West Indies 0 - Asia 0 |
TOP OF THE 2ND |
West Indies batting - Pitching for Asia : RHP Judean Dang
|
Batting: RHB LaMark Canete
|
0-0: Ball 1-0: Ball 2-0: Called Strike 2-1: Swinging Strike 2-2: Foul Ball, location: 2F 2-2: Strikes out looking
|
Batting: SHB Martavious Visser
|
0-0: Called Strike 0-1: Called Strike 0-2: SINGLE (Line Drive, 34, EV 93.8 MPH)
|
Batting: RHB Derek Rosado
|
0-0: Swinging Strike Martavious Visser is caught stealing 2nd base 2-4 0-1: Swinging Strike 0-2: Strikes out looking
|
Top of the 2nd over - 0 runs, 1 hit, 0 errors, 0 left on base; West Indies 0 - Asia 0 |
BOTTOM OF THE 2ND |
Asia batting - Pitching for West Indies : RHP Eli Houchin
|
Batting: LHB Gavin Tucker
|
0-0: Ball 1-0: Foul Ball, location: 2F 1-1: Ball 2-1: Foul Ball, location: 2F 2-2: SOLO HOME RUN (Flyball, 89XD, EV 107.5 MPH), Distance : 413 ft
|
Batting: RHB Coby Setko
|
0-0: Ball 1-0: Foul Ball, location: 2F 1-1: Foul Ball, location: 2F 1-2: Ground out 6-3 (Groundball, 6M, EV 96.9 MPH)
|
Batting: RHB Zyaire Semijenov
|
0-0: Called Strike 0-1: Ball 1-1: Ball 2-1: Ball 3-1: DOUBLE (Line Drive, 3D, EV 99.4 MPH)
|
Batting: RHB LaVonne Koo
|
0-0: Ball 1-0: Ground out 5-3 (Groundball, 5S, EV 86.2 MPH)
|
Batting: RHB Judean Dang
|
0-0: Called Strike 0-1: Ball 1-1: Ball 2-1: Foul Ball, location: 2F 2-2: Strikes out swinging
|
Bottom of the 2nd over - 1 run, 2 hits, 0 errors, 1 left on base; West Indies 0 - Asia 1 |
TOP OF THE 3RD |
West Indies batting - Pitching for Asia : RHP Judean Dang
|
Batting: RHB Huston Cruz
|
0-0: Called Strike 0-1: Ball 1-1: Ground out U3 (Groundball, 3S, EV 74.4 MPH)
|
Batting: RHB Trinity Gonzalez
|
0-0: Swinging Strike 0-1: Foul Ball, location: 2F 0-2: Foul Ball, location: 2F 0-2: Ball 1-2: Ball 2-2: Strikes out swinging
|
Batting: LHB Eli Houchin
|
0-0: Called Strike 0-1: Fly out, F7 (Flyball, 7LS, EV 88.8 MPH)
|
Top of the 3rd over - 0 runs, 0 hits, 0 errors, 0 left on base; West Indies 0 - Asia 1 |
BOTTOM OF THE 3RD |
Asia batting - Pitching for West Indies : RHP Eli Houchin
|
Batting: RHB Aubrey Albano
|
0-0: TRIPLE (Flyball, 78XD, EV 96.2 MPH)
|
Batting: LHB Jordy Wovchanoff
|
0-0: Foul Ball, location: 2F 0-1: Foul Ball, location: 2F 0-2: Strikes out swinging
|
Batting: LHB Johnathan Wang
|
0-0: Fly out, F8 (Flyball, 8LD, EV 87.5 MPH) Runner from 3rd tags up, OUT at HOME! 8-2
|
Bottom of the 3rd over - 0 runs, 1 hit, 0 errors, 0 left on base; West Indies 0 - Asia 1 |
TOP OF THE 4TH |
West Indies batting - Pitching for Asia : RHP Judean Dang
|
Batting: RHB Efren Zamora
|
0-0: Ball 1-0: Swinging Strike 1-1: Swinging Strike 1-2: Foul Ball, location: 2F 1-2: Strikes out swinging
|
Batting: RHB Zeke Lebron
|
0-0: SINGLE (Groundball, 6MD, EV 106.9 MPH)
|
Batting: LHB Dorsey Cahue
|
0-0: Ball 1-0: DOUBLE (Flyball, 7LD, EV 100.0 MPH) Zeke Lebron to third
|
Batting: RHB LaMark Canete
|
0-0: Called Strike 0-1: Swinging Strike 0-2: Ball 1-2: Strikes out swinging
|
Batting: SHB Martavious Visser
|
0-0: Swinging Strike 0-1: Ball 1-1: Fly out, F9 (Flyball, 89XD, EV 93.1 MPH)
|
Top of the 4th over - 0 runs, 2 hits, 0 errors, 2 left on base; West Indies 0 - Asia 1 |
BOTTOM OF THE 4TH |
Asia batting - Pitching for West Indies : RHP Eli Houchin
|
Batting: RHB Latif Won
|
0-0: Fly out, F6 (Popup, 4M, EV 55.6 MPH)
|
Batting: LHB Gavin Tucker
|
0-0: Called Strike 0-1: Ball 1-1: Foul Ball, location: 2F 1-2: Strikes out swinging
|
Batting: RHB Coby Setko
|
0-0: DOUBLE (Groundball, 5L, EV 107.5 MPH)
|
Batting: RHB Zyaire Semijenov
|
0-0: Foul Ball, location: 2F 0-1: Called Strike 0-2: Ball 1-2: Ball 2-2: Ball 3-2: Foul Ball, location: 2F 3-2: Fly out, F8 (Flyball, 8RD, EV 90.0 MPH)
|
Bottom of the 4th over - 0 runs, 1 hit, 0 errors, 1 left on base; West Indies 0 - Asia 1 |
TOP OF THE 5TH |
West Indies batting - Pitching for Asia : RHP Judean Dang
|
Batting: RHB Derek Rosado
|
0-0: Called Strike 0-1: Ball 1-1: Foul Ball, location: 2F 1-2: Strikes out swinging
|
Batting: RHB Huston Cruz
|
0-0: Called Strike 0-1: Swinging Strike 0-2: Foul Ball, location: 2F 0-2: Strikes out swinging
|
Batting: RHB Trinity Gonzalez
|
0-0: Ball 1-0: Called Strike 1-1: Called Strike 1-2: Strikes out looking
|
Top of the 5th over - 0 runs, 0 hits, 0 errors, 0 left on base; West Indies 0 - Asia 1 |
BOTTOM OF THE 5TH |
Asia batting - Pitching for West Indies : RHP Eli Houchin
|
Batting: RHB LaVonne Koo
|
0-0: Called Strike 0-1: Fly out, F9 (Flyball, 9S, EV 88.8 MPH)
|
Batting: RHB Judean Dang
|
0-0: Ball 1-0: Foul Ball, location: 2F 1-1: Ground out U3 (Groundball, 34S, EV 89.4 MPH)
|
Batting: RHB Aubrey Albano
|
0-0: Ball 1-0: Ball 2-0: Swinging Strike 2-1: Ball 3-1: Foul Ball, location: 2F 3-2: Foul Ball, location: 2F 3-2: Base on Balls
|
Batting: LHB Jordy Wovchanoff
|
0-0: Called Strike 0-1: Ball 1-1: Swinging Strike 1-2: Foul Ball, location: 2F 1-2: Ball 2-2: DOUBLE (Line Drive, 89M, EV 93.8 MPH) Aubrey Albano to third Runner from 3rd tries for Home, SAFE, throw by RF to home
|
Batting: LHB Johnathan Wang
|
0-0: Fly out, F7 (Line Drive, 78M, EV 88.1 MPH)
|
Bottom of the 5th over - 1 run, 1 hit, 0 errors, 1 left on base; West Indies 0 - Asia 2 |
TOP OF THE 6TH |
West Indies batting - Pitching for Asia : RHP Judean Dang
|
Batting: LHB Eli Houchin
|
0-0: DOUBLE (Line Drive, 7LM, EV 103.8 MPH)
|
Batting: RHB Efren Zamora
|
0-0: Called Strike 0-1: Ball 1-1: Ball 2-1: Ball 3-1: Ground out 4-3 (Groundball, 4, EV 99.4 MPH) Eli Houchin to third
|
Batting: RHB Zeke Lebron
|
0-0: Swinging Strike 0-1: Foul Ball, location: 2F 0-2: Ball 1-2: Ball 2-2: Foul Ball, location: 2F 2-2: Foul Ball, location: 2F 2-2: Strikes out looking
|
Batting: LHB Dorsey Cahue
|
0-0: Ball 1-0: Ground out 4-3 (Groundball, 4, EV 80.6 MPH)
|
Top of the 6th over - 0 runs, 1 hit, 0 errors, 1 left on base; West Indies 0 - Asia 2 |
BOTTOM OF THE 6TH |
Asia batting - Pitching for West Indies : RHP Eli Houchin
|
Batting: RHB Latif Won
|
0-0: Foul Ball, location: 2F 0-1: Foul Ball, location: 2F 0-2: Strikes out swinging
|
Batting: LHB Gavin Tucker
|
0-0: Called Strike 0-1: Ball 1-1: Swinging Strike 1-2: Ball 2-2: Fly out, F9 (Line Drive, 89S, EV 104.4 MPH)
|
Batting: RHB Coby Setko
|
0-0: Called Strike 0-1: Ball 1-1: Swinging Strike 1-2: Strikes out swinging
|
Bottom of the 6th over - 0 runs, 0 hits, 0 errors, 0 left on base; West Indies 0 - Asia 2 |
TOP OF THE 7TH |
West Indies batting - Pitching for Asia : RHP Judean Dang
|
Batting: RHB LaMark Canete
|
0-0: Ball 1-0: Foul Ball, location: 2F 1-1: Swinging Strike 1-2: Ball 2-2: Strikes out swinging
|
Batting: SHB Martavious Visser
|
0-0: SINGLE (Groundball, 34D, EV 106.9 MPH)
|
Batting: RHB Derek Rosado
|
0-0: Fly out, F6 (Line Drive, 6, EV 68.1 MPH)
|
Batting: RHB Huston Cruz
|
0-0: Foul Ball, location: 2F 0-1: Ball 1-1: Ball 2-1: Fly out, F3 (Popup, 3SF, EV 81.2 MPH)
|
Top of the 7th over - 0 runs, 1 hit, 0 errors, 1 left on base; West Indies 0 - Asia 2 |
BOTTOM OF THE 7TH |
Asia batting - Pitching for West Indies : RHP Eli Houchin
|
Batting: RHB Zyaire Semijenov
|
0-0: Ball 1-0: Called Strike 1-1: Swinging Strike 1-2: Ball 2-2: SINGLE (Line Drive, 34D, EV 96.9 MPH)
|
Batting: RHB LaVonne Koo
|
0-0: Ball 1-0: Ball 2-0: Swinging Strike 2-1: Called Strike 2-2: Strikes out looking
|
Batting: RHB Judean Dang
|
0-0: Sac Bunt to 3S - play at first, batter OUT! 3-1 Zyaire Semijenov to second
|
Batting: RHB Aubrey Albano
|
0-0: Called Strike 0-1: SINGLE (Groundball, 4D, EV 95.0 MPH) Zyaire Semijenov to third Runner from 3rd tries for Home, SAFE, throw by RF to home
|
Batting: LHB Jordy Wovchanoff
|
0-0: Foul Ball, location: 2F 0-1: Ball 1-1: Ball 2-1: Foul Ball, location: 2F 2-2: Fly out, F7 (Flyball, 78S, EV 94.4 MPH)
|
Bottom of the 7th over - 1 run, 2 hits, 0 errors, 1 left on base; West Indies 0 - Asia 3 |
TOP OF THE 8TH |
West Indies batting - Pitching for Asia : RHP Judean Dang
|
Batting: RHB Trinity Gonzalez
|
0-0: Called Strike 0-1: Ball 1-1: Ball 2-1: Ball 3-1: Base on Balls
|
Pinch Hitting: RHB Rykeem Potts
|
0-0: Ball 1-0: Foul Ball, location: 2F 1-1: Fly out, F9 (Line Drive, 9D, EV 90.6 MPH)
|
Batting: RHB Efren Zamora
|
0-0: TRIPLE (Line Drive, 8RXD, EV 107.5 MPH) Trinity Gonzalez scores
|
Batting: RHB Zeke Lebron
|
0-0: Foul Ball, location: 2F 0-1: Ball 1-1: Foul Ball, location: 2F 1-2: Ball 2-2: Ball 3-2: Base on Balls
|
Batting: LHB Dorsey Cahue
|
0-0: Ball 1-0: Foul Ball, location: 2F 1-1: Foul Ball, location: 2F 1-2: Foul Ball, location: 2F 1-2: SINGLE (Line Drive, 89S, EV 108.1 MPH) Efren Zamora scores Zeke Lebron to second
|
Pitching: RHP Trejean Rüstü
|
|
Batting: RHB LaMark Canete
|
0-0: Ball 1-0: Ball 2-0: Called Strike 2-1: Called Strike 2-2: Ball 3-2: Strikes out looking
|
Batting: SHB Martavious Visser
|
0-0: Ball 1-0: Ball 2-0: Called Strike 2-1: DOUBLE (Flyball, 8RXD, EV 103.8 MPH) Zeke Lebron scores Dorsey Cahue to third
|
Batting: RHB Derek Rosado
|
0-0: Called Strike 0-1: Ball 1-1: TRIPLE (Flyball, 9LD, EV 111.9 MPH) Dorsey Cahue scores Martavious Visser scores
|
Batting: RHB Huston Cruz
|
0-0: Ground out U3 (Groundball, 34, EV 81.9 MPH)
|
Top of the 8th over - 5 runs, 4 hits, 0 errors, 1 left on base; West Indies 5 - Asia 3 |
BOTTOM OF THE 8TH |
Asia batting - Pitching for West Indies : RHP Eli Houchin
|
Pitching: RHP Cade de Jong
|
|
Now at 1B: Jaden Maldonado
|
|
Batting: LHB Johnathan Wang
|
0-0: Ball 1-0: Called Strike 1-1: Ball 2-1: Ground out 5-3 (Groundball, 5, EV 89.4 MPH)
|
Batting: RHB Latif Won
|
0-0: Ball 1-0: Swinging Strike 1-1: Called Strike 1-2: SINGLE (Line Drive, 89S, EV 102.5 MPH)
|
Batting: LHB Gavin Tucker
|
0-0: Ball 1-0: Fly out, F7 (Flyball, 78S, EV 95.6 MPH)
|
Batting: RHB Coby Setko
|
0-0: Called Strike 0-1: Ball 1-1: Ball 2-1: Ball 3-1: Called Strike 3-2: Strikes out swinging
|
Bottom of the 8th over - 0 runs, 1 hit, 0 errors, 1 left on base; West Indies 5 - Asia 3 |
TOP OF THE 9TH |
West Indies batting - Pitching for Asia : RHP Trejean Rüstü
|
Pinch Hitting: LHB B.J. Solis
|
0-0: Ball 1-0: Foul Ball, location: 2F 1-1: Ground out 5-3 (Groundball, 56S, EV 60.6 MPH)
|
Batting: SHB Jaden Maldonado
|
0-0: Ball 1-0: Ball 2-0: Ball 3-0: Base on Balls
|
Batting: RHB Efren Zamora
|
0-0: Ball Jaden Maldonado is caught stealing 2nd base 2-4 1-0: Fly out, F8 (Flyball, 8LM, EV 90.0 MPH)
|
Top of the 9th over - 0 runs, 0 hits, 0 errors, 0 left on base; West Indies 5 - Asia 3 |
BOTTOM OF THE 9TH |
Asia batting - Pitching for West Indies : RHP Cade de Jong
|
Pitching: RHP Kristofer Humberto
|
|
Now at C: Jahmel Ortiz
|
|
Batting: RHB Zyaire Semijenov
|
0-0: Ball 1-0: Ball 2-0: Ball 3-0: Base on Balls
|
Pinch Hitting: LHB Del Pripisnov
|
0-0: Ball 1-0: Called Strike 1-1: Ball 2-1: Foul Ball, location: 2F 2-2: Strikes out swinging
|
Pinch Hitting: RHB James Goebel
|
0-0: Called Strike 0-1: Called Strike 0-2: Strikes out swinging
|
Batting: RHB Aubrey Albano
|
0-0: Foul Ball, location: 2F 0-1: Foul Ball, location: 2F 0-2: Fly out, F9 (Flyball, 89S, EV 86.2 MPH)
|
Bottom of the 9th over - 0 runs, 0 hits, 0 errors, 1 left on base; West Indies 5 - Asia 3 |
|